AoeStats
← Eyeskillyou

Arena

510620203Analyzed
4v4 RM · 1d ago on Oct 1, 2026· 52m 5s· 8 players
Game mode
Random Map
Map size
Large (8 player)
Population
200
Speed
Normal
Resources
Standard
Victory
Conquest
Starting age
Dark Age
Ending age
Imperial Age
RankedLock teamsTeams togetherTeam positionsShared explorationLock speedFull tech treeHidden civsTurbo modeCheats
Victory
Defeat
🇩🇪 Spanish · Germany
991
+15
🇬🇧 Huns · United Kingdom
955
+16
🇫🇷 Franks · France
950
+16
🇩🇪 Huns · Germany
830
+21
🇺🇸 Romans · United States
1055
-20
🇦🇷 Vietnamese · Argentina
1041
-21
🇦🇷 Varangians · Argentina
872
-14
🇦🇷 Burgundians · Argentina
851
-13
Eyeskillyou
3:29 Loom
12:51 Feudal Age
14:21 Wheelbarrow
14:30 Town Watch
17:22 Castle Age
19:08 Double-Bit Axe
25:43 Fletching
26:45 Bodkin Arrow
30:55 Imperial Age
29:58 Ballistics
33:50 Chemistry
35:14 Bow Saw
34:47 Treadmill Crane
35:50 Fortified Wall
37:02 Scale Barding Armor
37:08 Forging
37:00 Padded Archer Armor
38:01 Conscription
37:09 Ordonnance Companies
39:23 Siege Engineers
39:12 Heavy Mounted Crossbowman
39:15 Cranequins
41:34 Murder Holes
45:23 Leather Archer Armor
45:29 Chain Barding Armor
45:45 Iron Casting
49:53 Hoardings
49:34 Elite Throwing Axeman
50:31 Caravan
Бябрик
11:37 Feudal Age
14:46 Castle Age
12:43 Horse Collar
16:22 Wheelbarrow
16:13 Double-Bit Axe
17:18 Hand Cart
17:39 Bow Saw
17:50 Heavy Plow
25:18 Forging
25:14 Scale Barding Armor
25:19 Gold Mining
26:37 Iron Casting
26:45 Gold Shaft Mining
27:51 Chain Barding Armor
27:44 Husbandry
27:55 Bloodlines
40:17 Imperial Age
40:33 Cavalier
42:16 Blast Furnace
41:52 Plate Barding Armor
42:45 Scale Mail Armor
43:34 Paladin
49:05 Chain Mail Armor
Wowa94
10:42 Feudal Age
15:42 Castle Age
13:42 Stone Mining
14:09 Gold Mining
15:30 Double-Bit Axe
15:27 Horse Collar
15:38 Loom
17:11 Stone Shaft Mining
16:48 Heavy Plow
17:07 Fervor
18:11 Fletching
28:59 Wheelbarrow
28:36 Bow Saw
30:12 Hand Cart
32:22 Stone Shaft Mining
33:46 Padded Archer Armor
36:08 Leather Archer Armor
39:57 Imperial Age
37:14 Town Watch
38:05 Bodkin Arrow
38:21 Forging
38:46 Fortified Wall
39:49 Husbandry
39:59 Bloodlines
40:28 Elite Conquistador
41:33 Conscription
42:39 Chemistry
42:02 Ballistics
42:49 Ring Archer Armor
44:19 Bracer
44:55 Iron Casting
44:28 Scale Barding Armor
44:25 Scale Mail Armor
44:55 Masonry
48:28 Hoardings
Hyper
9:51 Loom
12:38 Feudal Age
17:31 Castle Age
15:34 Double-Bit Axe
15:52 Horse Collar
17:02 Stone Mining
17:03 Gold Mining
19:57 Bow Saw
20:37 Heavy Plow
21:41 Bloodlines
24:22 Forging
26:24 Marauders
27:27 Scale Barding Armor
29:14 Iron Casting
32:09 Gold Shaft Mining
37:55 Chain Barding Armor
42:41 Imperial Age
40:27 Husbandry
40:24 Light Cavalry
42:01 Wheelbarrow
44:31 Blast Furnace
44:06 Plate Barding Armor
42:58 Hussar
44:15 Conscription
45:32 Elite Tarkan
46:49 Hand Cart
NY-HENRY
0:28 Loom
10:55 Feudal Age
14:56 Castle Age
17:04 Wheelbarrow
22:45 Double-Bit Axe
28:07 Imperial Age
28:03 Bow Saw
32:21 Gold Mining
32:07 Pikeman
32:48 Squires
33:03 Halberdier
33:54 Horse Collar
34:38 Heavy Scorpion
36:08 Scale Mail Armor
37:05 Forging
37:11 Chain Mail Armor
38:50 Chemistry
39:52 Iron Casting
42:38 Blast Furnace
50:05 Ballistics
fede_400
11:17 Feudal Age
15:40 Castle Age
14:02 Loom
20:59 Fletching
21:42 Town Watch
32:23 Pikeman
Nidd
11:00 Feudal Age
14:34 Double-Bit Axe
16:55 Castle Age
15:27 Loom
15:27 Horse Collar
18:21 Loom
24:55 Squires
24:40 Arson
25:59 Scale Mail Armor
33:15 Imperial Age
32:12 Wheelbarrow
32:22 Town Watch
32:49 Forging
32:54 Chain Mail Armor
32:36 Pikeman
34:37 Conscription
Loco-Pro
9:05 Wheelbarrow
10:53 Feudal Age
10:14 Double-Bit Axe
10:12 Horse Collar
12:19 Bow Saw
12:15 Heavy Plow
21:53 Castle Age
21:02 Scale Barding Armor
21:11 Forging
22:17 Fletching
22:55 Caravan
22:29 Light Cavalry
23:35 Husbandry
24:12 Crop Rotation
25:06 Arson
27:46 Loom
30:28 Iron Casting
30:08 Pikeman
30:59 Scale Mail Armor
32:10 Chain Mail Armor
33:04 Squires
34:52 Two-Man Saw
37:03 Imperial Age
36:14 Padded Archer Armor
36:17 Bodkin Arrow
36:07 Elite Skirmisher
37:32 Hand Cart
37:08 Hussar
37:21 Halberdier
Connection lost

Rejoining the realm…

Still unreachable

The connection could not be restored.

Session expired

The server has moved on; the page needs a fresh start.